 Dungeon Crawl Stone Soup version 0.19.1 (console) character file.

338 nht the Cleaver (level 6, -9/51 HPs)
             Began as a Minotaur Chaos Knight on Nov 27, 2016.
             Mangled by an ogre
             ... wielding a +0 giant spiked club
              (21 damage)
             ... on level 4 of the Dungeon.
             The game lasted 00:03:15 (2676 turns).

nht the Cleaver (Minotaur Chaos Knight)             Turns: 2676, Time: 00:03:15

Health: -9/51      AC:  5    Str: 19    XL:     6   Next: 29%
Magic:  5/5        EV: 11    Int:  9    God:    Xom [.*....]
Gold:   115        SH:  0    Dex:  9    Spells: 0 memorised, 5 levels left

rFire  . . .     SeeInvis .     a - +1 hand axe (chaos)
rCold  . . .     Gourm    .     b - +2 leather armour
rNeg   . . .     Faith    .     (no shield)
rPois  .         Spirit   .     (helmet restricted)
rElec  .         Reflect  .     (no cloak)
rCorr  .         Harm     .     (no gloves)
MR     .....                    (no boots)
Stlth  +.........               (no amulet)
                                (no ring)
                                j - ring of flight

@: no status effects
A: retaliatory headbutt, horns 2
a: Renounce Religion, Evoke Flight


You were on level 4 of the Dungeon.
You worshipped Xom.
You were a plaything of Xom.
You were hungry.

You visited 1 branch of the dungeon, and saw 4 of its levels.

You collected 115 gold pieces.

Inventory:

Hand Weapons
 a - a +1 hand axe of chaos (weapon)
Armour
 b - a +2 leather armour (worn)
Jewellery
 j - a ring of flight (left hand)
 p - an uncursed ring of resist corrosion
Scrolls
 e - a scroll of remove curse
 h - 2 scrolls of identify
 i - a scroll of teleportation
Potions
 q - 2 potions of curing
Comestibles
 c - 3 bread rations
 d - a meat ration
 g - 2 beef jerkies


   Skills:
 - Level 3.6 Fighting
 + Level 8.6 Axes
 - Level 2.4 Armour
 - Level 1.1 Dodging


You had 5 spell levels left.
You didn't know any spells.

Dungeon Overview and Level Annotations

Branches:
Dungeon (4/15)
 Temple: D:4-7

Altars:


Innate Abilities, Weirdness & Mutations

You reflexively headbutt those who attack you in melee.
You have a pair of horns on your head.


Message History

You slash the ogre! You drain the ogre! Your headbutt misses the ogre.
The ogre is heavily wounded.
The ogre closely misses you.
An ogre is nearby!
You hit the ogre. You burn the ogre.
The ogre is severely wounded.
You hit the ogre. You freeze the ogre.
The ogre is almost dead.
The ogre hits you with a giant spiked club!
* * * LOW HITPOINT WARNING * * *
You are too injured to fight recklessly!
You barely miss the ogre. You headbutt the ogre.
The ogre is almost dead.
The ogre misses you.
You completely miss the ogre.
The ogre is almost dead.
You hit the ogre.
The ogre is poisoned.
The ogre is almost dead.
The ogre hits you with a giant spiked club!!
You die...

███..█....█.█..███
█.....█.█.██....
█....██.█.███...
██.█.██.█.██....
█.█......█.....
███.████.███...[.
..█.█ .██......
█████O█.█ █......
█...@<█.█ █.......
█.███.█.█ █....███
█.█ █.█.████.█
█.███'█......█
█........█████
█........████
█...........█
█...........█
█.███'█.....█


You could see an ogre.

Vanquished Creatures
  A phantom (D:4)
  A centaur skeleton (D:4)
  An iguana (D:4)
  An orc wizard (D:3)
  Robin (D:3)
  A gnoll (D:1)
  6 adders
  An ooze (D:3)
  A worm (D:2)
  3 dart slugs
  2 leopard geckos (D:3)
  7 orcs
  5 giant cockroaches
  15 goblins
  10 hobgoblins
  6 jackals (D:1)
  11 kobolds
  A quokka (D:3)
  2 ball pythons (D:1)
  4 bats
  4 frilled lizards
  3 rats
87 creatures vanquished.

Notes
Turn   | Place    | Note
-------+----------+-------------------------------------------
     0 | D:1      | nht the Minotaur Chaos Knight began the quest for the Orb.
     0 | D:1      | Reached XP level 1. HP: 19/19 MP: 0/0
    50 | D:1      | XOM: divination: magic mapping
    84 | D:1      | Reached skill level 4 in Axes
    92 | D:1      | Reached XP level 2. HP: 22/26 MP: 1/1
   157 | D:1      | XOM: smoke on damage
   177 | D:1      | Reached skill level 5 in Axes
   241 | D:1      | XOM: harmless Air miscast
   247 | D:1      | Reached XP level 3. HP: 27/31 MP: 2/2
   372 | D:1      | XOM: harmless Divn miscast
   804 | D:2      | XOM: harmless Ice miscast
  1142 | D:2      | Reached XP level 4. HP: 35/39 MP: 3/3
  1209 | D:3      | Noticed Robin
  1212 | D:3      | Reached skill level 6 in Axes
  1221 | D:3      | Killed Robin
  1440 | D:3      | Reached skill level 7 in Axes
  1440 | D:3      | Reached XP level 5. HP: 20/45 MP: 4/4
  2071 | D:3      | XOM: silly message
  2129 | D:3      | XOM: divination: detect creatures
  2239 | D:4      | XOM: harmless Hex miscast
  2330 | D:4      | XOM: harmless Tmut miscast
  2364 | D:4      | XOM: mild Tloc miscast
  2463 | D:4      | Noticed a phantom
  2471 | D:4      | XOM: silly message
  2486 | D:4      | Killed a phantom
  2486 | D:4      | Reached skill level 8 in Axes
  2486 | D:4      | Reached XP level 6. HP: 42/51 MP: 5/5
  2676 | D:4      | Mangled by an ogre

Skill      XL: |  1  2  3  4  5 |
---------------+----------------+-----
Axes           | 4 5 7 8 |  8.6
Fighting       | |  3.6
Armour         | |  2.4
Dodging        | |  1.1

Action                   |  1- 3 |  4- 6 || total
-------------------------+-------+-------++-------
Melee: Hand axe          |    70 |   110 ||   180
       Headbutt          |     5 |    12 ||    17
  Use: Potion            |     2 |     5 ||     7
       Scroll            |       |     5 ||     5
  Eat: Chunk             |     1 |     4 ||     5
Armor: Leather armour    |    18 |    35 ||    53
Dodge: Dodged            |    35 |    81 ||   116
